 Dungeon Crawl Stone Soup version 0.29.1-12-g30fa7ad0bf (webtiles) character file.

Game seed: 8129383151821569013

757 donbex the Magician (level 8, -18/50 HPs)
             Began as a Djinni Fire Elementalist on Jan 17, 2023.
             Demolished by Maggie
             ... wielding the +9 lance "Wyrmbane" {slay drac, rPois rF+ rC+ AC+3}
              (24 damage)
             ... on level 6 of the Dungeon.
             The game lasted 00:12:34 (5328 turns).

donbex the Magician (Djinni Fire Elementalist)      Turns: 5328, Time: 00:12:35

Health: -18/50     AC:  2    Str:  7    XL:     8   Next: 7%
Gold:   182        EV: 12    Int: 19    God:
                   SH:  0    Dex: 14

rFire   + + .      SeeInvis .   (no weapon)
rCold   x . .      Faith    .   (no shield)
rNeg    . . .      Spirit   .   a - +0 robe
rPois   ∞          Reflect  .   (no helmet)
rElec   .          Harm     .   (no cloak)
rCorr   .          Rampage  .   (no gloves)
Will    .....                   (boots unavailable)
Stlth   ++........              (no amulet)
HPRegen 0.16/turn               (no ring)
MPRegen 0.00/turn               (no ring)

@: flying
A: sickness immunity, fire resistance 2, cold vulnerability 1, float, innate
caster, HP casting, extra vitality 1
a: no special abilities


You were on level 6 of the Dungeon.
You visited 1 branch of the dungeon, and saw 6 of its levels.

You collected 182 gold pieces.

Inventory:

Armour
 a - a +0 robe (worn)
Scrolls
 d - 2 scrolls of fear
 h - 2 scrolls of immolation {unknown}
 k - a scroll of vulnerability {unknown}
 m - a scroll of teleportation
 n - 2 scrolls of noise {unknown}
 s - a scroll of enchant weapon {unknown}
 t - a scroll of amnesia {unknown}
 u - 2 scrolls of blinking
Potions
 b - 2 potions of haste {unknown}
 c - a potion of berserk rage {unknown}
 f - 2 potions of heal wounds
 g - a potion of ambrosia {unknown}
 i - a potion of flight {unknown}
 o - a potion of might
 p - 2 potions of attraction {unknown}
 q - a potion of brilliance {unknown}
 r - a potion of curing {unknown}


   Skills:
 + Level 0.3 Fighting
 + Level 2.3 Dodging
 - Level 1.5 Stealth
 + Level 6.8 Spellcasting


You had 2 spell levels left.
You knew the following spells:

 Your Spells              Type           Power      Damage    Failure   Level
a - Foxfire               Conj/Fire      100%       2x1d9     1%          1
b - Scorch                Fire           64%        2d8       1%          2
c - Conjure Flame         Conj/Fire      32%        6-21      1%          3
d - Inner Flame           Hex/Fire       32%        N/A       1%          3
e - Flame Wave            Conj/Fire      32%        2d9       6%          4
f - Sandblast             Erth           64%        2d14      1%          1
g - Static Discharge      Conj/Air       32%        3-7/arc   1%          2
h - Passwall              Tmut/Erth      26%        N/A       1%          2
Your spell library was empty.

Dungeon Overview and Level Annotations

Branches:
Dungeon (6/15)
 Temple: D:4-7

Altars:
Trog

Shops:
D:1 =

Annotations:
D:3 exclusion: downstairs
D:4 Dowan, Duvessa
D:5 3 runed translucent doors, ripuliukko's ghost, novice GrEE
D:6 Maggie


Innate Abilities, Weirdness & Mutations

You are immune to sickness and miasma.
You are immune to poison.
Your flesh is very heat resistant. (rF++)
You are vulnerable to cold. (rC-)
You float through the air rather than walking.
You learn spells naturally, not from books.
Your magical power is your life essence.
You have superior vitality. (+4 MHP)


Message History

As you read the scroll of teleportation, it crumbles to dust.
You feel strangely unstable.
Maggie gestures wildly while chanting.
Maggie attempts to bespell you! You resist with almost no effort.
Maggie mumbles some strange words.
Maggie attempts to bespell you! You resist with almost no effort.
Maggie says, "Leave now, and tell all of Margery's mercy!"
Your surroundings suddenly seem different.
You start resting.
A bullfrog comes into view.
You start resting.
Maggie is nearby!
Found a bloodstained altar of Trog.
Maggie shouts!
You start resting.
Maggie is nearby!
Casting: Scorch (safe; 1% risk of failure)
Confirm with . or Enter, or press ? or * to list all spells.
Flames lash Maggie.
Maggie resists.
Maggie is moderately wounded.
Maggie's fire resistance burns away.
Maggie hits you from afar with the +9 lance "Wyrmbane" {slay drac, rPois rF+ rC+ AC+3}!
Maggie hits you with the +9 lance "Wyrmbane" {slay drac, rPois rF+ rC+ AC+3}.
Casting: Scorch (safe; 1% risk of failure)
Confirm with . or Enter, or press ? or * to list all spells.
Casting: Flame Wave (dangerous; 6% risk of failure)
Press: ? - help, Dir - look around, f - activate A wave of flame ripples out!
The flame wave engulfs Maggie!
Maggie is moderately wounded. (Press . to intensify the flame waves.)
* * * LOW HITPOINT WARNING * * *
You hear a croak.
Maggie hits you with the +9 lance "Wyrmbane" {slay drac, rPois rF+ rC+ AC+3}.
* * * LOW HITPOINT WARNING * * *
A wave of flame ripples out!
The flame wave engulfs Maggie.
Maggie is heavily wounded.
* * * LOW HITPOINT WARNING * * *
Maggie is no longer more vulnerable to fire.
Maggie hits you with the +9 lance "Wyrmbane" {slay drac, rPois rF+ rC+ AC+3}!!
You die...

####### #_..#8#
...# #...#.#
.F.... #.@...#
......#####@.##
.......8#8...#
..@#.#...##.#
#...@.##..#
...#........##
............#
..........###
......##..#


You could see Maggie.

Vanquished Creatures
  2 centaurs
  A phantom (D:5)
  A bullfrog (D:5)
  A scorpion (D:5)
  3 hounds
  2 orc priests (D:5)
  Terence (D:2)
  An iguana (D:5)
  An orc wizard (D:5)
  Robin (D:3)
  8 adders
  An ufetubus (D:5)
  2 worms
  7 orcs
  6 bats
  9 endoplasms
  2 giant cockroaches
  14 goblins
  10 hobgoblins
  6 jackals (D:1)
  4 kobolds
  A quokka (D:1)
  4 ball pythons
  2 frilled lizards
  2 rats
92 creatures vanquished.

Vanquished Creatures (others)
  195 foxfires
195 creatures vanquished.

Grand Total: 287 creatures vanquished

Notes
Turn   | Place    | Note
-------+----------+-------------------------------------------
     0 | D:1      | donbex the Djinni Fire Elementalist began the quest for the
                  | Orb.
     0 | D:1      | donbex set off with the following spells memorised:
                  | Foxfire, Scorch, Conjure Flame, Inner Flame, Flame Wave.
     0 | D:1      | Reached XP level 1. HP: 15/15 MP: 0/0
   149 | D:1      | Reached XP level 2. HP: 18/21 MP: 0/0
   171 | D:1      | Reached skill level 3 in Spellcasting
   454 | D:1      | Found Wayreqem's One-of-a-Kind Rings.
   646 | D:1      | Reached XP level 3. HP: 20/25 MP: 0/0
   646 | D:1      | Learned a level 1 spell: Sandblast
  1332 | D:2      | Noticed Terence
  1335 | D:2      | Reached XP level 4. HP: 31/31 MP: 0/0
  1340 | D:2      | Killed Terence
  1624 | D:2      | Found a faded altar of an unknown god.
  1646 | D:2      | Reached skill level 4 in Spellcasting
  1669 | D:2      | Reached XP level 5. HP: 29/35 MP: 0/0
  1669 | D:2      | Learned a level 2 spell: Static Discharge
  2570 | D:3      | Noticed Robin
  2581 | D:3      | Killed Robin
  3411 | D:4      | Noticed Duvessa
  3412 | D:4      | Noticed Dowan
  3502 | D:4      | Noticed a lemure
  3523 | D:5      | Entered Level 5 of the Dungeon
  3578 | D:5      | Noticed a bullfrog
  3585 | D:5      | Killed a bullfrog
  3586 | D:5      | Reached skill level 5 in Spellcasting
  3586 | D:5      | Reached XP level 6. HP: 20/40 MP: 0/0
  4082 | D:5      | Reached XP level 7. HP: 32/45 MP: 0/0
  4082 | D:5      | Learned a level 2 spell: Passwall
  4327 | D:5      | Reached skill level 6 in Spellcasting
  4621 | D:5      | Found a runed translucent gate.
  4963 | D:5      | Identified the +4 spear "Geli" {vorpal, rN+}
  4963 | D:5      | Identified the +5 ring mail of Heops {Contam MP+9 Dex+5}
  4963 | D:5      | Noticed ripuliukko's ghost (novice GrEE)
  4964 | D:5      | Found a runed translucent gate.
  4965 | D:5      | Found a runed translucent gate.
  5044 | D:6      | Reached XP level 8. HP: 36/50 MP: 0/0
  5158 | D:6      | Noticed Maggie
  5318 | D:6      | Found a bloodstained altar of Trog.
  5328 | D:6      | Demolished by Maggie

Illustrated notes

Levels and vault maps discovered:
D:1:      wander_arrival_desolate, layout_basic, nicolae_shop_unique_rings,
          minmay_misc_feat_tower
D:2:      layout_basic, shapermc_ecumenical_altar_mp_ritualfount, uniq_terence
D:3:      layout_loops_ring, grunt_ministairs_3, uniq_robin
D:4:      layout_basic, kennysheep_mini, serial_bayou_pond_d,
          corexii_hall_statues_x, uniq_pikel, uniq_duvessa, uniq_grinder
D:5:      layout_cave_pools, biasface_ghost_orc_armoury
D:6:      layout_cave_pools, nicolae_overflow_quartered_altars,
          marbit_many_paths, uniq_prince_ribbit1, uniq_maggie

Skill      XL: |  1  2  3  4  5  6  7 |
---------------+----------------------+-----
Spellcasting   | 3 4 5 6 |  6.8
Fighting       | |  0.3
Dodging        | |  2.3
Stealth        | |  1.5

Action                   |  1- 3 |  4- 6 |  7- 9 || total
-------------------------+-------+-------+-------++-------
 Cast: Foxfire           |    38 |    59 |    15 ||   112
       Scorch            |     6 |    27 |    18 ||    51
       Static Discharge  |       |     3 |       ||     3
       Flame Wave        |       |       |     1 ||     1
  Use: Scroll            |       |       |     7 ||     7
Armor: Robe              |     1 |       |     1 ||     2
Dodge: Dodged            |     7 |    11 |     9 ||    27
